[Event "Titled Tuesday Blitz February 07 Late 2023"]
[White "Becerra, Juan David"]
[Black "Borges Feria, Yasel"]
[WhiteFideId "4404998"]
[BlackFideId "3504921"]
[WhiteElo "2382"]
[BlackElo "2439"]
[Result "0-1"]
[Round "01"]
[TimeControl "180+2"]
[Date "2023.02.07"]
[WhiteClock "0:00:16"]
[BlackClock "0:00:31"]

1. d4 Nf6 2. c4 e6 3. Nc3 Bb4 4. a3 Bxc3+ 5. bxc3 c5 6. f3 O-O 7. e4 d6 8. Bd3 Nc6 9. Ne2 b6 10. O-O Ba6 11. Bg5 h6 12. Bh4 g5 13. Bf2 Na5 14. h4 Nh5 15. g4 Ng7 16. Kg2 Bxc4 17. Bxc4 Nxc4 18. Rh1 f5 19. Qd3 b5 20. exf5 exf5 21. dxc5 fxg4 22. Qd5+ Rf7 23. fxg4 dxc5 24. Qxc5 Qd2 25. Ng3 Raf8 26. Ne4 Qe2 27. Rhe1 Qxg4+ 28. Kh2 Rf3 29. Bg3 gxh4 30. Qd5+ Kh8 31. Rg1 hxg3+ 32. Rxg3 Rxg3 33. Nxg3 Rf2+ 0-1


[Site "https://www.chess.com"]

[Event "Titled Tuesday Blitz February 07 Late 2023"]
[White "Talibov, Shiroghlan"]
[Black "Forgacs, Attila Jr."]
[WhiteFideId "13429078"]
[BlackFideId "773654"]
[WhiteElo "2359"]
[BlackElo "2264"]
[Result "1-0"]
[Round "01"]
[TimeControl "180+2"]
[Date "2023.02.07"]
[WhiteClock "0:01:38"]
[BlackClock "0:01:06"]

1. Nf3 Nf6 2. c4 g6 3. Nc3 Bg7 4. g3 O-O 5. Bg2 d6 6. d4 Nc6 7. O-O e5 8. dxe5 dxe5 9. Qxd8 Rxd8 10. Bg5 Be6 11. b3 e4 12. Nd2 Ng4 13. Ndxe4 f5 14. Nc5 Bxc3 15. Nxe6 Rd2 16. Bxd2 Bxd2 17. Rad1 Ba5 18. Bxc6 bxc6 19. Rd8+ Rxd8 20. Nxd8 Ne5 21. Rd1 Kf8 22. Nb7 Bb6 23. c5 1-0


[Site "https://www.chess.com"]

[Event "Titled Tuesday Blitz February 07 Late 2023"]
[White "Aguilar, Juan"]
[Black "Milikow, Yoav"]
[WhiteFideId "3800091"]
[BlackFideId "2822237"]
[WhiteElo "2254"]
[BlackElo "2394"]
[Result "0-1"]
[Round "01"]
[TimeControl "180+2"]
[Date "2023.02.07"]
[WhiteClock "0:00:03"]
[BlackClock "0:00:21"]

1. Nf3 d5 2. g3 Nf6 3. Bg2 e6 4. O-O c5 5. d3 Nc6 6. Nbd2 Be7 7. e4 O-O 8. c3 Rb8 9. e5 Nd7 10. Re1 Qc7 11. d4 b5 12. Nf1 b4 13. h4 bxc3 14. bxc3 Qa5 15. Bd2 cxd4 16. cxd4 Bb4 17. a3 Bxd2 18. Qxd2 Rb3 19. Re3 Rxe3 20. Qxa5 Nxa5 21. Nxe3 Ba6 22. Rb1 Nb6 23. Nd2 Rc8 24. Nb3 Bd3 25. Rb2 Nbc4 26. Nxc4 Nxc4 27. Ra2 Rb8 28. Nc5 Rb1+ 29. Kh2 Bf5 30. Bf3 h6 31. a4 a5 32. Kg2 Kf8 33. g4 Bh7 34. h5 Ke7 35. Re2 Rb4 36. Ra2 Nb6 37. Rc2 Rxd4 38. Rb2 Rb4 39. Rd2 Nxa4 40. Nxa4 Rxa4 41. Rb2 Rb4 42. Ra2 a4 43. Bd1 f6 44. exf6+ Kxf6 45. Rxa4 Rxa4 46. Bxa4 Kg5 47. Kg3 e5 48. Bc6 d4 49. Bb5 Bg8 50. Bd3 Be6 51. f3 Bd5 52. Kf2 Kf4 53. Bg6 Bxf3 0-1


[Site "https://www.chess.com"]

[Event "Titled Tuesday Blitz February 07 Late 2023"]
[White "Timmermans, Mark"]
[Black "Buchenau, Frank"]
[WhiteFideId "1026399"]
[BlackFideId "4604350"]
[WhiteElo "2392"]
[BlackElo "2222"]
[Result "0-1"]
[Round "01"]
[TimeControl "180+2"]
[Date "2023.02.07"]
[WhiteClock "0:00:58"]
[BlackClock "0:00:07"]

1. e4 e6 2. d4 d5 3. Nd2 c5 4. exd5 Qxd5 5. Ngf3 cxd4 6. Bc4 Qd6 7. O-O Nf6 8. Nb3 Nc6 9. Nbxd4 Nxd4 10. Nxd4 a6 11. Re1 Qc7 12. Bd3 Bd6 13. h3 O-O 14. Bg5 Bh2+ 15. Kh1 Be5 16. c3 h6 17. Bd2 Bf4 18. Bxf4 Qxf4 19. Kg1 e5 20. g3 Qg5 21. h4 Qh5 22. Qxh5 Nxh5 23. Rxe5 Nf6 24. Rae1 Bd7 25. Bf1 Rad8 26. Bg2 b6 27. Bb7 a5 28. Bc6 Bxc6 29. Nxc6 Rd6 30. Nd4 Rc8 31. Kg2 Kf8 32. R1e2 a4 33. a3 Nd7 34. Rb5 Nc5 35. Rb4 Rf6 36. Nf3 Re8 37. Rxe8+ Kxe8 38. Nd2 Nd3 39. Re4+ Kf8 40. f4 Nxb2 41. Rb4 Nd1 42. Ne4 Re6 43. Kf3 f5 44. Nf2 Re3+ 45. Kg2 Re2 46. Kf1 Rxf2+ 47. Ke1 Rf3 48. Kxd1 Rxc3 49. Rxa4 Rxg3 50. Ra6 b5 51. Ke2 Rh3 52. Ra5 Rxh4 53. Rxb5 Rxf4 54. Ke3 Re4+ 55. Kf3 g6 56. Rb7 h5 57. Ra7 h4 58. a4 Rg4 59. a5 Ra4 60. a6 Kg8 61. Kg2 Ra3 62. Kh2 f4 63. Ra8+ Kg7 64. a7 Kh7 65. Kg2 g5 66. Kh2 g4 67. Kg2 h3+ 68. Kf2 Ra2+ 69. Kf1 h2 0-1


[Site "https://www.chess.com"]

[Event "Titled Tuesday Blitz February 07 Late 2023"]
[White "Silva, Pedro Gil Ferreira Da"]
[Black "Kosakowski, Jakub"]
[WhiteFideId "1946102"]
[BlackFideId "1185080"]
[WhiteElo "2227"]
[BlackElo "2485"]
[Result "0-1"]
[Round "01"]
[TimeControl "180+2"]
[Date "2023.02.07"]
[WhiteClock "0:00:27"]
[BlackClock "0:01:25"]

1. e4 c5 2. Nf3 d6 3. d4 cxd4 4. Qxd4 Nc6 5. Bb5 a6 6. Bxc6+ bxc6 7. Nc3 e5 8. Qd3 Be6 9. O-O h6 10. Nd2 Nf6 11. Nc4 Qc7 12. Rd1 d5 13. exd5 cxd5 14. Ne3 d4 15. Ne4 dxe3 16. Nxf6+ gxf6 17. Bxe3 Be7 18. Qe4 Rc8 19. c3 Qc6 20. Qc2 Rg8 21. g3 Qf3 22. Qh7 Qg4 23. Qxh6 f5 24. h3 Qg6 25. Qxg6 Rxg6 26. Kh2 Bc5 27. Bxc5 Rxc5 28. Rd6 f4 29. Rxa6 fxg3+ 30. fxg3 Rd5 31. Rg1 Rd2+ 32. Rg2 Rxg2+ 33. Kxg2 Bd5+ 0-1


[Site "https://www.chess.com"]

[Event "Titled Tuesday Blitz February 07 Late 2023"]
[White "Nogerbek, Kazybek"]
[Black "Ansh M Shah"]
[WhiteFideId "13710427"]
[BlackFideId "25033379"]
[WhiteElo "2474"]
[BlackElo "2171"]
[Result "1-0"]
[Round "01"]
[TimeControl "180+2"]
[Date "2023.02.07"]
[WhiteClock "0:00:50"]
[BlackClock "0:00:12"]

1. e4 c6 2. d4 d5 3. Nd2 dxe4 4. Nxe4 Bf5 5. Nc5 b6 6. Nb3 e6 7. Nf3 Nf6 8. Bd3 Bxd3 9. Qxd3 Be7 10. O-O O-O 11. c4 c5 12. Ne5 cxd4 13. Qf3 Nbd7 14. Nc6 Qe8 15. Nbxd4 Rc8 16. b3 Bc5 17. Bb2 a6 18. Rfe1 Nb8 19. Nxb8 Rxb8 20. Nf5 Qc8 21. Nxg7 Bxf2+ 22. Qxf2 Ng4 23. Qd4 e5 24. Rxe5 Nxe5 25. Qxe5 Qc5+ 26. Qxc5 bxc5 27. Nf5 Rfe8 28. Rf1 Re2 29. Nh6+ Kf8 30. Rxf7+ Ke8 31. Bg7 Rd8 32. Rf8+ Ke7 33. Nf5+ Kd7 34. Rxd8+ Kxd8 35. a4 Re1+ 36. Kf2 Rb1 37. Bf8 Rb2+ 38. Kf1 Rb1+ 39. Ke2 Rb2+ 40. Kf3 Rxb3+ 41. Ke4 Rb4 42. Kd5 Rxa4 43. Bxc5 Ra2 44. Bb6+ Kd7 45. c5 Rd2+ 46. Nd4 Rxg2 47. c6+ Kc8 48. h4 Rh2 49. Nf5 Rd2+ 50. Ke6 Rc2 51. Ne7+ Kb8 52. Kd6 Rd2+ 53. Nd5 h5 54. c7+ Kb7 55. Ba5 Kc8 56. Bxd2 1-0


[Site "https://www.chess.com"]

[Event "Titled Tuesday Blitz February 07 Late 2023"]
[White "Mikhalsky, Vladimir"]
[Black "Makridis, Dimitrios"]
[WhiteFideId "14144352"]
[BlackFideId "25864475"]
[WhiteElo "2219"]
[BlackElo "2356"]
[Result "1-0"]
[Round "01"]
[TimeControl "180+2"]
[Date "2023.02.07"]
[WhiteClock "0:00:10"]
[BlackClock "0:00:07"]

1. c4 c6 2. g3 Nf6 3. Bg2 g6 4. d4 Bg7 5. Nc3 O-O 6. e4 d6 7. Nf3 Nbd7 8. O-O e5 9. h3 exd4 10. Nxd4 Re8 11. Re1 a5 12. b3 h6 13. Ba3 Nc5 14. e5 Nfd7 15. e6 Nxe6 16. Nxe6 fxe6 17. Ne4 d5 18. Nd6 Bxa1 19. Nxe8 Qxe8 20. Qxa1 Qf7 21. f4 Nf6 22. Qd4 Bd7 23. Bb2 Rf8 24. g4 Kh7 25. Qb6 Bc8 26. Qxa5 Ne8 27. Rf1 Bd7 28. Qb6 Bc8 29. Qd4 Ng7 30. b4 Re8 31. b5 Bd7 32. a4 Ra8 33. bxc6 Bxc6 34. cxd5 Bxd5 35. Bxd5 exd5 36. f5 gxf5 37. gxf5 Rg8 38. Kh1 Nxf5 39. Qd3 Rf8 40. Rg1 Rg8 41. Rf1 Rf8 42. Rd1 Qg6 43. Rg1 Qe6 44. Rg7+ Kh8 45. Re7+ Qf6 46. Bxf6+ Rxf6 47. Re5 Ng7 48. Rxd5 Kg8 49. Rd8+ Kf7 50. Qd5+ Kg6 51. Rd6 Nf5 52. Rxf6+ Kxf6 53. Qxb7 Kg5 54. Kh2 Kf4 55. a5 h5 56. Qb8+ Kg5 57. a6 Nd6 58. Qxd6 Kh4 59. Qf4# 1-0


[Site "https://www.chess.com"]

[Event "Titled Tuesday Blitz February 07 Late 2023"]
[White "Halkias, Stelios"]
[Black "Ferreira, Vitor Hugo Vieira"]
[WhiteFideId "4201809"]
[BlackFideId "2119765"]
[WhiteElo "2511"]
[BlackElo "2128"]
[Result "1-0"]
[Round "01"]
[TimeControl "180+2"]
[Date "2023.02.07"]
[WhiteClock "0:00:34"]
[BlackClock "0:00:05"]

1. c4 e6 2. Nf3 d5 3. e3 Nf6 4. Nc3 Bd6 5. b3 Nbd7 6. Qc2 O-O 7. Bb2 a6 8. Be2 Re8 9. g4 dxc4 10. bxc4 Ne5 11. g5 Nfd7 12. Ne4 Nxf3+ 13. Bxf3 Bf8 14. Rg1 e5 15. O-O-O Rb8 16. d4 exd4 17. Rxd4 Qe7 18. Nf6+ Nxf6 19. gxf6 Qxf6 20. Rf4 Qh6 21. Qc3 Be6 22. Rh4 Qg6 23. Rxg6 fxg6 24. Bd5 Bxd5 25. cxd5 c6 26. d6 Rbd8 27. Qc4+ Kh8 28. Qf7 c5 29. Qxg6 Kg8 30. Rxh7 Rd7 31. Rh8+ Kxh8 32. Qxe8 Rxd6 33. Qxf8+ Kh7 34. Qxg7# 1-0


[Site "https://www.chess.com"]

[Event "Titled Tuesday Blitz February 07 Late 2023"]
[White "Grot, Blazej"]
[Black "Tanenbaum, Zachary"]
[WhiteFideId "21835845"]
[BlackFideId "2060850"]
[WhiteElo "1990"]
[BlackElo "2261"]
[Result "1-0"]
[Round "01"]
[TimeControl "180+2"]
[Date "2023.02.07"]
[WhiteClock "0:00:38"]
[BlackClock "0:00:18"]

1. e4 e5 2. Nf3 Nc6 3. Bc4 Nf6 4. d3 Be7 5. c3 O-O 6. Bb3 d5 7. Qe2 Re8 8. Nbd2 Bc5 9. Nf1 Ng4 10. Ne3 d4 11. Nxg4 Bxg4 12. h3 Bh5 13. O-O Qf6 14. Bd1 Rad8 15. Qd2 Qd6 16. c4 a5 17. a3 h6 18. Nh4 Bxd1 19. Nf5 Qg6 20. Qxd1 Ne7 21. Nh4 Qf6 22. Qg4 Kh7 23. Bd2 a4 24. f4 Ng6 25. Nf5 exf4 26. Bxf4 Nxf4 27. Rxf4 Qg6 28. Qf3 f6 29. Rg4 Qf7 30. Rxg7+ Qxg7 31. Nxg7 Kxg7 32. Rf1 Re6 33. Qg4+ Kf7 34. Qh5+ Ke7 35. Qxc5+ Kd7 36. Qd5+ Rd6 37. Qf7+ Kc8 38. Rxf6 Rxf6 39. Qxf6 b6 40. Qxh6 Kb7 41. Qe6 Ra8 42. Qd5+ c6 43. Qxd4 b5 44. cxb5 cxb5 45. Qd5+ Kb6 46. Qxa8 Kc7 47. Qd5 Kb6 48. Qxb5+ Kxb5 49. h4 1-0


[Site "https://www.chess.com"]

[Event "Titled Tuesday Blitz February 07 Late 2023"]
[White "Nasuta, Grzegorz"]
[Black "Bouget, Alexandre"]
[WhiteFideId "1141686"]
[BlackFideId "681318"]
[WhiteElo "2552"]
[BlackElo "2267"]
[Result "1/2-1/2"]
[Round "01"]
[TimeControl "180+2"]
[Date "2023.02.07"]
[WhiteClock "0:00:07"]
[BlackClock "0:00:07"]

1. e4 e6 2. d4 d5 3. Nc3 Bb4 4. exd5 exd5 5. Bd3 Nf6 6. Ne2 Bg4 7. f3 Bh5 8. O-O Bg6 9. Nf4 Bxd3 10. Qxd3 O-O 11. Nce2 Bd6 12. Ng3 Re8 13. Nf5 Bf8 14. Qb3 b6 15. Nd3 c5 16. dxc5 bxc5 17. c4 Nc6 18. Bg5 Rb8 19. Qc3 d4 20. Qd2 h6 21. Bh4 Ne5 22. Nxe5 Rxe5 23. Qf4 Re2 24. Nxh6+ gxh6 25. Bxf6 Qd6 26. Qg4+ Kh7 27. Qf5+ Kg8 28. b3 Rbe8 29. f4 Bg7 30. Bxg7 Kxg7 31. Rf3 R8e3 32. Rxe3 Rxe3 33. Rd1 a5 34. h3 Kh8 35. Rd2 Qe7 36. Kh2 Re2 37. Rxe2 Qxe2 38. Qxf7 d3 39. Qf8+ Kh7 40. Qf7+ Kh8 41. Qf6+ Kh7 42. Qf7+ Kh8 1/2-1/2


[Site "https://www.chess.com"]

[Event "Titled Tuesday Blitz February 07 Late 2023"]
[White "Wartiovaara, Oliver"]
[Black "Bolourchifard, Farzad"]
[WhiteFideId "513024"]
[BlackFideId "12510084"]
[WhiteElo "2264"]
[BlackElo "2292"]
[Result "1-0"]
[Round "01"]
[TimeControl "180+2"]
[Date "2023.02.07"]
[WhiteClock "0:01:46"]
[BlackClock "0:00:15"]

1. c4 e6 2. g3 Nf6 3. Bg2 d5 4. Nf3 Be7 5. O-O O-O 6. b3 c5 7. cxd5 Nxd5 8. Bb2 Nc6 9. d4 cxd4 10. Nxd4 Nxd4 11. Qxd4 Bf6 12. Qd2 Bxb2 13. Qxb2 b6 14. Nc3 Bb7 15. Nxd5 exd5 16. Rfd1 Re8 17. e4 Qd6 18. exd5 Rac8 19. Rd2 h6 20. Rad1 Re5 21. Qd4 Rce8 22. h4 g6 23. a3 Qxa3 24. d6 Re1+ 25. Rxe1 Rxe1+ 26. Kh2 Bxg2 27. d7 Bf3 28. d8=Q+ Qf8 29. Qh8+ Kxh8 30. Qxf8+ Kh7 31. Qxf7+ 1-0


[Site "https://www.chess.com"]

[Event "Titled Tuesday Blitz February 07 Late 2023"]
[White "Msellek, Ilyass"]
[Black "Rengifo Blancas, Renzo Jhonathan"]
[WhiteFideId "675938"]
[BlackFideId "3807185"]
[WhiteElo "2420"]
[BlackElo "2131"]
[Result "0-1"]
[Round "01"]
[TimeControl "180+2"]
[Date "2023.02.07"]
[WhiteClock "0:00:01"]
[BlackClock "0:00:45"]

1. d4 d5 2. Nf3 Nf6 3. Bg5 e6 4. Nbd2 Be7 5. e3 h6 6. Bh4 b6 7. c3 Bb7 8. Bd3 Nbd7 9. O-O O-O 10. a4 a5 11. h3 Ne4 12. Bxe7 Qxe7 13. Qc2 f5 14. Ne1 Ndf6 15. f3 Ng3 16. Rf2 e5 17. Bxf5 exd4 18. exd4 Nxf5 19. Qxf5 Ne4 20. fxe4 Rxf5 21. exf5 Rf8 22. Nd3 Qe3 23. Ne5 Rxf5 24. Ndf3 Kh7 25. h4 Qf4 26. Ng5+ hxg5 27. Rxf4 gxf4 28. Kf2 Kh6 29. Kf3 Kh5 30. Rh1 Bc8 31. Nd3 g5 32. hxg5+ Kxg5 33. Rh7 Rf8 34. Rxc7 Bf5 35. Ne5 Be4+ 36. Kf2 Kf5 37. Rb7 Rg8 38. Rf7+ Ke6 39. Rxf4 Rxg2+ 40. Ke3 Rxb2 41. Rh4 Bc2 42. Rh2 b5 43. axb5 a4 44. Nd3 a3 45. Rh1 Bb1 46. Nb4 Rxb4 0-1


[Site "https://www.chess.com"]

[Event "Titled Tuesday Blitz February 07 Late 2023"]
[White "Mohammed, Zozek Salah Mohammed"]
[Black "Oganian, Miran"]
[WhiteFideId "4803361"]
[BlackFideId "4122488"]
[WhiteElo "2210"]
[BlackElo "2439"]
[Result "0-1"]
[Round "01"]
[TimeControl "180+2"]
[Date "2023.02.07"]
[WhiteClock "0:00:50"]
[BlackClock "0:02:13"]

1. d4 e6 2. Nf3 d5 3. g3 Nf6 4. Bg2 Be7 5. O-O b5 6. Bg5 O-O 7. Nbd2 Bb7 8. Nb3 Nbd7 9. Qd2 c5 10. Bxf6 Bxf6 11. Nxc5 Nxc5 12. dxc5 Qc7 13. Qb4 a5 14. Qxb5 Ba6 15. Qb6 Qxb6 16. cxb6 Rab8 17. Rab1 Rxb6 18. Rfe1 Rxb2 19. Rxb2 Bxb2 20. Rb1 Bf6 21. e3 Rc8 22. Nd4 g6 23. Rb6 Bc4 24. a3 Ba2 25. Bf1 Bxd4 26. exd4 Rxc2 27. Rb8+ Kg7 28. Ra8 Bc4 29. Bxc4 Rxc4 30. Rxa5 Rxd4 31. Kf1 Rd2 32. Ke1 Ra2 33. Ra8 Kf6 34. a4 Ke5 35. a5 f5 36. a6 Ke4 37. a7 e5 38. Kf1 Kf3 39. Ke1 e4 40. Rd8 Ra1+ 41. Kd2 Rxa7 42. Rxd5 Kxf2 0-1


[Site "https://www.chess.com"]

[Event "Titled Tuesday Blitz February 07 Late 2023"]
[White "Cabarkapa, Novak"]
[Black "Kielinkei"]
[WhiteFideId "943746"]
[WhiteElo "2458"]
[BlackElo "2394"]
[Result "1-0"]
[Round "01"]
[TimeControl "180+2"]
[Date "2023.02.07"]
[WhiteClock "0:01:29"]
[BlackClock "0:00:06"]

1. h4 e5 2. c3 d5 3. d4 e4 4. Bf4 Bd6 5. Qc1 Nf6 6. Nh3 Bg4 7. Na3 c6 8. Nc2 O-O 9. Bxd6 Qxd6 10. Qf4 Rd8 11. Qxd6 Rxd6 12. Nf4 h6 13. Ne3 Bd7 14. Rg1 Ng4 15. Nxg4 Bxg4 16. f3 Bf5 17. g4 Bh7 18. g5 Nd7 19. Bh3 Nb6 20. b3 Re8 21. Kf2 Nc8 22. Bxc8 Rxc8 23. Rg2 exf3 24. exf3 hxg5 25. hxg5 Bf5 26. Rh2 Re8 27. Rah1 Kf8 28. Rh8+ Ke7 29. Re1+ Be6 30. Rh7 Rg8 31. g6 Kf6 32. gxf7 Bxf7 33. Rhh1 Re8 34. Nd3 Rxe1 35. Rxe1 1-0


[Site "https://www.chess.com"]

[Event "Titled Tuesday Blitz February 07 Late 2023"]
[White "Melikhov, Evgeny V."]
[Black "Fernandez Guillen, Ernesto J."]
[WhiteFideId "4122046"]
[BlackFideId "3512428"]
[WhiteElo "2269"]
[BlackElo "2477"]
[Result "0-1"]
[Round "01"]
[TimeControl "180+2"]
[Date "2023.02.07"]
[WhiteClock "0:00:03"]
[BlackClock "0:00:15"]

1. d4 Nf6 2. c4 g6 3. Nc3 d6 4. e4 Bg7 5. f3 O-O 6. Be3 e5 7. d5 Nh5 8. Qd2 f5 9. O-O-O Nd7 10. exf5 gxf5 11. Bd3 Nc5 12. Bc2 a5 13. Nge2 a4 14. h3 a3 15. b3 Qf6 16. g4 Nf4 17. Nxf4 exf4 18. Bd4 Qf7 19. Bxg7 Qxg7 20. gxf5 Bxf5 21. Bxf5 Rxf5 22. Rhg1 Rg5 23. Qd4 h6 24. Rxg5 hxg5 25. Qxg7+ Kxg7 26. b4 Nd7 27. Ne4 Kh6 28. Rg1 Ne5 29. Rxg5 Ra4 30. Rf5 Rxb4 31. Kd2 Rb2+ 32. Kc3 Rxa2 33. Rxf4 Rh2 34. Rf8 a2 35. Ra8 Nxf3 0-1


[Site "https://www.chess.com"]

[Event "Titled Tuesday Blitz February 07 Late 2023"]
[White "Trost, Edvin"]
[Black "Figorito, Nick"]
[WhiteFideId "1729519"]
[BlackFideId "30923689"]
[WhiteElo "2399"]
[BlackElo "2036"]
[Result "0-1"]
[Round "01"]
[TimeControl "180+2"]
[Date "2023.02.07"]
[WhiteClock "0:00:10"]
[BlackClock "0:00:18"]

1. e4 e6 2. Nf3 d5 3. d3 Nc6 4. Nbd2 Nf6 5. g3 dxe4 6. dxe4 e5 7. Bg2 Bc5 8. O-O O-O 9. Qe2 Qe7 10. Nc4 Bg4 11. c3 a5 12. h3 Bh5 13. Kh2 Bg6 14. Nh4 Bh5 15. Bf3 Bxf3 16. Qxf3 Qe6 17. Nf5 Qxc4 18. Bg5 Qe6 19. a3 a4 20. Rad1 Ne7 21. Nh6+ Kh8 22. Rd2 Ng6 23. Rfd1 Be7 24. Nf5 Bc5 25. Nh6 Be7 26. Nf5 Rfd8 27. h4 Rxd2 28. Rxd2 Rd8 29. Rxd8+ Bxd8 30. h5 Ne7 31. Qd1 Nc6 32. h6 g6 33. Ng7 Qd6 34. Qf3 Kg8 35. Kg2 Na5 36. Qe2 c6 37. Qc2 b5 38. f4 Nc4 39. Kh3 Qd7+ 40. f5 gxf5 41. Nxf5 Nd6 42. g4 Ndxe4 43. Be3 Qe6 44. Qe2 Nd5 45. Bc1 Nf4+ 46. Bxf4 exf4 47. Kh2 Ng5 48. Qd3 Be7 49. Kg2 Bf8 50. Qd4 Ne4 51. Qd8 Nf6 52. Qd2 Qe4+ 53. Kh3 Qe6 54. Kg2 f3+ 55. Kxf3 Qd5+ 56. Qxd5 Nxd5 57. Ke4 Nf6+ 58. Kf4 Nd5+ 59. Ke5 Nb6 60. Nd4 Nc4+ 61. Ke4 Nxb2 62. Nxc6 Nc4 63. Kd3 Nxa3 64. Na7 Bc5 65. Nc6 Nc4 66. Na5 a3 67. Nxc4 bxc4+ 68. Kxc4 a2 69. Kxc5 a1=Q 70. c4 Qc3 71. Kb5 f5 72. c5 fxg4 73. c6 g3 74. Kb6 g2 75. Kb7 g1=Q 76. c7 Qgc5 77. Kb8 Qxc7+ 78. Ka8 Q3a5# 0-1


[Site "https://www.chess.com"]

[Event "Titled Tuesday Blitz February 07 Late 2023"]
[White "Dzida, Kamil"]
[Black "Salimova, Nurgyul"]
[WhiteFideId "21828652"]
[BlackFideId "2915138"]
[WhiteElo "2352"]
[BlackElo "2391"]
[Result "1-0"]
[Round "01"]
[TimeControl "180+2"]
[Date "2023.02.07"]
[WhiteClock "0:00:06"]
[BlackClock "0:00:03"]

1. e4 c6 2. d4 d5 3. Nc3 dxe4 4. Nxe4 Nf6 5. Nxf6+ exf6 6. c3 Bd6 7. Bd3 O-O 8. Qc2 Re8+ 9. Ne2 h5 10. O-O h4 11. Nf4 Qc7 12. g3 Nd7 13. Qd1 Nf8 14. Qh5 hxg3 15. hxg3 Be6 16. Kg2 Bxf4 17. Bxf4 Qd7 18. Rh1 Qd5+ 19. f3 Qxh5 20. Rxh5 Ng6 21. Bd6 Rad8 22. Ba3 f5 23. Re1 Bxa2 24. Rxe8+ Rxe8 25. Rxf5 Bd5 26. c4 Be6 27. Ra5 Rd8 28. Rxa7 Rxd4 29. Bxg6 fxg6 30. Rxb7 Bxc4 31. Bb4 Bf7 32. Bc3 Rd3 33. Rb8+ Kh7 34. Rb7 Kg8 35. Rc7 Bd5 36. Rxg7+ Kf8 37. Rxg6 Rxf3 38. Kh2 Rf2+ 39. Kh3 Bf7 40. Rf6 Re2 41. g4 Kg8 42. Kg3 Re3+ 43. Kf4 Re2 44. Rxc6 Bd5 45. Rc7 Re4+ 46. Kf5 Re2 47. g5 Rf2+ 48. Ke5 Bb3 49. Rb7 Re2+ 50. Kd4 Bd1 51. b4 Rg2 52. Rb5 Rg4+ 53. Kd3 Bb3 54. Re5 Bc4+ 55. Kd2 Kf7 56. b5 Kg6 57. Rc5 Bf1 58. b6 Bg2 59. Bf6 Rd4+ 60. Bxd4 Bb7 61. Rc7 Kh5 62. Rxb7 1-0


[Site "https://www.chess.com"]

[Event "Titled Tuesday Blitz February 07 Late 2023"]
[White "Goltsev, Dmitry"]
[Black "Suarez, Mauricio Josue"]
[WhiteFideId "24176710"]
[BlackFideId "144258"]
[WhiteElo "2269"]
[BlackElo "2164"]
[Result "1-0"]
[Round "01"]
[TimeControl "180+2"]
[Date "2023.02.07"]
[WhiteClock "0:01:49"]
[BlackClock "0:01:06"]

1. e4 c5 2. Nf3 d6 3. d4 cxd4 4. Nxd4 Nf6 5. Nc3 g6 6. Be2 Bg7 7. O-O O-O 8. Be3 Nc6 9. f4 Nxd4 10. Bxd4 Be6 11. f5 Bd7 12. Bf3 Bc6 13. Qd3 Qa5 14. Rad1 Rfc8 15. a3 Rab8 16. Rde1 Nd7 17. Bxg7 Kxg7 18. b4 Qb6+ 19. Kh1 Ne5 20. Qd2 a5 21. Rb1 axb4 22. Rxb4 Qc5 23. Rfb1 Bd7 24. Nd5 Qxc2 25. f6+ exf6 26. Qf4 f5 27. Qg5 Re8 28. Qf6+ Kg8 29. Qxd6 fxe4 30. Bxe4 Qc5 31. Qxc5 1-0


[Site "https://www.chess.com"]

[Event "Titled Tuesday Blitz February 07 Late 2023"]
[White "Goncalves, Davi Sulzbacher"]
[Black "Cardoso Cardoso, Jose Gabriel"]
[WhiteFideId "2154510"]
[BlackFideId "4430492"]
[WhiteElo "2282"]
[BlackElo "2492"]
[Result "1-0"]
[Round "01"]
[TimeControl "180+2"]
[Date "2023.02.07"]
[WhiteClock "0:00:07"]
[BlackClock "0:00:04"]

1. Nf3 g6 2. d4 Bg7 3. c4 d6 4. Nc3 Nf6 5. e4 O-O 6. Be2 e5 7. d5 a5 8. Bg5 Na6 9. Nd2 Nc5 10. O-O Bd7 11. b3 h6 12. Be3 Nh7 13. a3 f5 14. f3 Nf6 15. b4 Na6 16. Rb1 b6 17. Qc2 f4 18. Bf2 g5 19. h3 h5 20. c5 g4 21. cxd6 g3 22. Be1 cxd6 23. Bb5 Bc8 24. Nc4 Nh7 25. Na4 Rb8 26. bxa5 Ng5 27. Naxb6 Nxh3+ 28. gxh3 Bxh3 29. Bxa6 Qh4 30. Bb4 Rf6 31. Nxd6 Rg6 32. Nf5 Qg5 33. Be7 Bf6 34. d6 h4 35. Bc4+ Kh8 36. Bf7 Bxf5 37. exf5 Rg7 38. Bg6 h3 39. Bxf6 Qxf6 40. Nd5 Qh4 41. Rxb8+ Rg8 42. Rxg8+ Kxg8 43. Qc8+ Kg7 44. Qd7+ Kh6 45. Qh7+ Kg5 46. Qxh4+ Kxh4 47. d7 g2 48. d8=Q+ Kg3 49. Qg5# 1-0


[Site "https://www.chess.com"]

[Event "Titled Tuesday Blitz February 07 Late 2023"]
[White "Alex_Sahakyan2006"]
[Black "Rosenberg, Evan S"]
[BlackFideId "2019299"]
[WhiteElo "2733"]
[BlackElo "1956"]
[Result "1-0"]
[Round "01"]
[TimeControl "180+2"]
[Date "2023.02.07"]
[WhiteClock "0:00:26"]
[BlackClock "0:00:04"]

1. e4 e5 2. Nf3 Nc6 3. Nc3 Nf6 4. g3 d5 5. exd5 Nxd5 6. Bg2 Nxc3 7. bxc3 Bc5 8. O-O O-O 9. Re1 Qf6 10. d3 Bg4 11. Be3 Bb6 12. a4 Rad8 13. Qe2 Rfe8 14. Bxb6 axb6 15. Qe4 Bf5 16. Qh4 Qxh4 17. Nxh4 Bd7 18. Be4 f6 19. f4 exf4 20. gxf4 g6 21. Nf3 Kg7 22. Kf2 f5 23. Bxc6 Bxc6 24. Ne5 Ra8 25. Nxc6 bxc6 26. Rxe8 Rxe8 27. a5 Ra8 28. a6 Ra7 29. Ke3 Kf6 30. Kd4 Ke6 31. c4 Kd6 32. c5+ Kd7 33. Ke5 Ke7 34. h4 b5 35. d4 Kf7 36. d5 cxd5 37. Kxd5 Ke7 38. c6 b4 39. Kc5 Ke6 40. Ra5 h6 41. Ra1 g5 42. hxg5 hxg5 43. fxg5 f4 44. g6 Kf6 45. Rg1 Kg7 46. Kb5 f3 47. Rf1 Kxg6 48. Rxf3 Kg5 49. Rf8 Kg4 50. Rb8 Kf5 51. Rb7 Ra8 52. Rxc7 Ke6 53. Rd7 Ke5 54. a7 Ke6 55. Ka6 Ke5 56. Kb7 Rh8 57. a8=Q Rh2 58. Qe8+ Kf6 59. Rf7+ Kg6 60. Qg8+ Kh6 61. Rh7# 1-0


[Site "https://www.chess.com"]

[Event "Titled Tuesday Blitz February 07 Late 2023"]
[White "Semenenko, Dmytry"]
[Black "Sochacki, Christophe"]
[WhiteFideId "14118645"]
[BlackFideId "662569"]
[WhiteElo "2113"]
[BlackElo "2448"]
[Result "0-1"]
[Round "01"]
[TimeControl "180+2"]
[Date "2023.02.07"]
[WhiteClock "0:00:14"]
[BlackClock "0:00:41"]

1. Nf3 Nc6 2. d4 d6 3. c4 e5 4. d5 Nce7 5. Nc3 f5 6. e4 Nf6 7. Bd3 g6 8. Ng5 Bg7 9. O-O O-O 10. exf5 Nxf5 11. Nce4 c6 12. dxc6 bxc6 13. Nxf6+ Bxf6 14. Ne4 Bg7 15. Bg5 Qb6 16. c5 dxc5 17. Bc4+ Kh8 18. Nd6 h6 19. Be3 Nd4 20. Qd2 Kh7 21. Ne4 Bf5 22. Ng3 Rad8 23. Qc3 e4 24. Qc1 h5 25. h4 Be5 26. Bg5 Rd5 27. Bxd5 cxd5 28. Qd2 Bg4 29. Rfe1 Qd6 30. Nf1 Qe6 31. Ne3 Bd6 32. Nxg4 Qxg4 33. Kh1 Nf3 34. Qxd5 Nxe1 35. Qxd6 Qxg2# 0-1


[Site "https://www.chess.com"]

[Event "Titled Tuesday Blitz February 07 Late 2023"]
[White "Adewumi, Tanitoluwa"]
[Black "Rottenwohrer Suarez, Juan"]
[WhiteFideId "30966396"]
[BlackFideId "32068182"]
[WhiteElo "2283"]
[BlackElo "2265"]
[Result "1-0"]
[Round "01"]
[TimeControl "180+2"]
[Date "2023.02.07"]
[WhiteClock "0:00:37"]
[BlackClock "0:01:27"]

1. e4 c5 2. Nf3 g6 3. c3 d5 4. exd5 Qxd5 5. d4 Bg7 6. Nbd2 cxd4 7. Bc4 Qd8 8. Nxd4 Nf6 9. N2f3 O-O 10. O-O a6 11. a4 Qc7 12. Qe2 Nc6 13. Nxc6 Qxc6 14. Ne5 Qc7 15. Re1 Nd7 16. Nxf7 Rxf7 17. Bxf7+ Kxf7 18. Qe6+ Kf8 19. Qxe7+ Kg8 20. Qe6+ Kh8 21. Qf7 Qd6 22. Bf4 1-0


[Site "https://www.chess.com"]